 Dungeon Crawl Stone Soup version 0.17-a0-1069-g92ad481 (webtiles) character file.

28985 Evol the Grappler (level 13, 0/110 HPs)
             Began as a Troll Chaos Knight on May 17, 2015.
             Was the Champion of Cheibriados.
             Slain by a spectral eight-headed hydra (13 damage)
             ... called from beyond by a revenant
             ... on level 1 of the Abyss.
             The game lasted 00:39:44 (10394 turns).

Evol the Grappler (Troll Chaos Knight)             Turns: 10394, Time: 00:39:45

Health: 0/110      AC: 13    Str: 47 (48) XL:     13   Next: 12%
Magic:  15/15      EV: 18    Int: 34      God:    Cheibriados [******]
Gold:   881        SH:  0    Dex: 28      Spells: 4 memorised, 5 levels left

rFire  . . .     SeeInvis +       - Unarmed
rCold  . . .     Clarity  .     a - +2 robe
rNeg   . . .     SustAb   .     (no shield)
rPois  .         Gourm    +     r - +2 hat {Int+3}
rElec  +         Spirit   .     y - +1 cloak {+Inv}
rCorr  .         Warding  .     (gloves unavailable)
rMut   .         Stasis   .     (boots unavailable)
MR     .....                    (no amulet)
Stlth  ++........               e - ring of Xog Coz {Str+6 Dex+4}
                                B - ring "Febliokk" {rElec Str+2 Int+4 SInv}

@: about to teleport, constricted, drained, very slow, not resistant to hostile
enchantments, unstealthy
A: unfitting armour, claws 3, slimy green scales 1, fast metabolism 3, gourmand,
regeneration 2, shaggy fur 1, spit poison 1, strong 1, tough skin 2
a: Spit Poison, Bend Time, Temporal Distortion, Slouch, Step From Time, Renounce
Religion, Evoke Invisibility


You were on level 1 of the Abyss.
You worshipped Cheibriados.
Cheibriados was exalted by your worship.
You were very full.

You visited 1 branch of the dungeon, and saw 11 of its levels.
You visited the Abyss 1 time.
You also visited: Sewer and Bailey.

You collected 881 gold pieces.

Inventory:

Hand weapons
 v - a +1 blowgun
 G - a +0 giant spiked club
Missiles
 w - 4 curare-tipped needles
 z - 85 poisoned needles
 S - 4 poisoned tomahawks (quivered)
 W - 4 javelins of penetration
 Y - 14 tomahawks
Armour
 a - a +2 robe (worn)
 r - a +2 hat of intelligence (worn)
 y - a +1 cloak of invisibility (worn)
 H - the cursed +0 robe "Foyd" {rC- Int+3 Dex+7}
   (You found it on level 11 of the Dungeon)

   It affects your intelligence (+3).
   It affects your dexterity (+7).
   It makes you vulnerable to cold.
   It has a curse placed upon it.
 O - a +1 shield
 V - a +0 robe of magic resistance
Jewellery
 d - a +4 ring of intelligence
 e - the ring of Xog Coz (right claw) {Str+6 Dex+4}
   (You took it off a goblin in a bailey)

   [ring of dexterity]

   It affects your strength (+6).
   It affects your dexterity (+4).
 f - an uncursed ring of protection from fire
 B - the ring "Febliokk" (left claw) {rElec Str+2 Int+4 SInv}
   (Xom gifted it to you in a sewer)

   [ring of see invisible]

   It affects your strength (+2).
   It affects your intelligence (+4).
   It insulates you from electricity.
   It lets you see invisible.
 M - an uncursed ring of fire
Magical devices
 K - a wand of digging (24)
 Z - a wand of paralysis (10)
Scrolls
 c - 5 scrolls of remove curse
 j - 2 scrolls of teleportation
 k - 2 scrolls of amnesia
 m - 3 scrolls of identify
 s - 2 scrolls of recharging
 C - a scroll of fog
 I - 2 scrolls of enchant armour
 P - a scroll of enchant weapon
Potions
 g - 2 potions of cancellation
 h - 4 potions of cure mutation
 o - 4 potions of brilliance
 p - a potion of agility
 q - 8 potions of curing
 t - a potion of magic
 A - a potion of flight
 D - a potion of resistance
 F - a potion of might
Books
 u - a book of Transfigurations

   Spells                             Type                      Level
   a - Stoneskin                      Transmutation/Earth          2
   b - Irradiate                      Conjuration/Transmutation    5
   c - Statue Form                    Transmutation/Earth          6
   d - Hydra Form                     Transmutation                6
   e - Dragon Form                    Transmutation                7
 J - a book of Fire

   Spells                             Type                      Level
   a - Ignite Poison                  Fire/Transmutation/Poison    3
   b - Fireball                       Conjuration/Fire             5
   c - Bolt of Fire                   Conjuration/Fire             6
   d - Delayed Fireball               Conjuration/Fire             7
   e - Ring of Flames                 Charms/Fire                  7
 U - a book of Frost

   Spells                             Type                      Level
   a - Freeze                         Ice                          1
   b - Throw Frost                    Conjuration/Ice              2
   c - Ozocubu's Armour               Charms/Ice                   3
   d - Throw Icicle                   Conjuration/Ice              4
   e - Summon Ice Beast               Ice/Summoning                4
   f - Condensation Shield            Ice                          4
 X - the Grimoire of Dislocation
   (You found it on level 9 of the Dungeon)

   Spells                             Type                      Level
   a - Shroud of Golubria             Charms/Translocation         2
   b - Blink                          Translocation                2
   c - Gell's Gravitas                Hexes/Translocation          3
   d - Phase Shift                    Translocation                5
Miscellaneous
 E - a plain deck of destruction
Comestibles
 b - 7 bread rations
 i - 5 beef jerkies
 l - 3 meat rations
 n - 2 slices of pizza
 L - 24 fruits
 N - 2 royal jellies


   Skills:
 + Level 2.7(2.4) Fighting
 - Level 5.8(5.5) Throwing
 * Level 10.5(10.2) Dodging
 - Level 4.1(3.8) Shields
 * Level 14.7(14.3) Unarmed Combat
 - Level 1.0(0.7) Spellcasting
 - Level 2.0(1.7) Transmutations
 - Level 4.7(4.4) Invocations


You had 5 spell levels left.
You knew the following spells:

 Your Spells              Type           Power        Failure   Level  Hunger
a - Ozocubu's Armour      Chrm/Ice       #.......     21%         3    ####...
b - Blink                 Tloc           N/A          12%         2    ###....
c - Shroud of Golubria    Chrm/Tloc      #.........   12%         2    ###....
d - Stoneskin             Trmt/Erth      #.......     10%         2    ###....


Dungeon Overview and Level Annotations

Branches:
Dungeon (11/15)            Temple (0/1) D:4            Lair (0/8) D:11
    Orc: D:9-12

Altars:
Cheibriados
Dithmenos
Fedhas
Gozag
Kikubaaqudgha
Ru
Sif Muna
Trog
Vehumet
Xom
Yredelemnul
Zin
Beogh

Shops:
D:10 *


Innate Abilities, Weirdness & Mutations

You are too large for most types of armour.
You have claws for hands.
Your metabolism is lightning-fast.
You like to eat raw meat.
You heal very quickly.
You are covered in fur (AC +1).
You have very tough skin (AC +2).
You are partially covered in slimy green scales (AC +2).
You can spit weak poison.
Your muscles are strong. (Str +2)


Message History

Okay, then.
Read which item? (? for menu, Esc to quit)
Okay, then.
Drink which item? (? for menu, Esc to quit)
Okay, then.
Unknown command.
Drink which item? (? for menu, Esc to quit)
Okay, then.
Read which item? (? for menu, Esc to quit)
Okay, then.
Use which ability? (? or * to list)
Okay, then.
Use which ability? (? or * to list)
You fail to use your ability.
You are engulfed in ghostly flame.
* * * LOW HITPOINT WARNING * * *
The spectral eight-headed hydra bites you.
* * * LOW HITPOINT WARNING * * *
The spectral eight-headed hydra closely misses you.
The spectral eight-headed hydra bites you!
You die...

#. #.# # ##.# #.#.
#.#..# #..# #
#'..###.# .
##.......#######
..##......**§.....#
.. #.....*ZZw.# ..#
#........X.@#§......
.##.......wL......##
### ....###§#######
.#......# #x#
....##..# #m# . . ##
#


.mH ..# #.# ... #. .. # ...$ #.# # #. ..#.. You could see a tentacled starspawn,
a revenant, 2 merfolk, a manticore, a spectral eight-headed hydra, a spectral
boulder beetle, a worldbinder and 2 starspawn tentacles.

Vanquished Creatures
  Gastronok (D:10)
  A tentacled starspawn (Abyss:1)
  An orc warlord (Bailey)
  A thrashing horror (Abyss:1)
  3 starcursed masses (Abyss:1)
  3 hill giants
  A manticore (D:8)
  Maurice (D:10)
  Joseph (D:7)
  2 centaur zombies
  Psyche (D:8)
  An ancient zyme (Abyss:1)
  A troll (D:9)
  3 wandering mushrooms (D:8)
  The ghost of EvoLut the Ruffian, an average NaTm of Cheibriados (D:4)
  A two-headed ogre (D:8)
  A blink frog (D:11)
  A raiju (Abyss:1)
  An ettin skeleton (Abyss:1)
  A wyvern (D:6)
  7 yaks
  A yak (shapeshifter) (Abyss:1)
  A hippogriff (D:11)
  A hungry ghost (D:8)
  A large abomination (Abyss:1)
  An ice beast (D:10)
  Duvessa (D:7)
  2 sky beasts
  A wasp (D:8)
  A black bear (D:4)
  A phantom (D:6)
  A necrophage (D:6)
  15 orc warriors
  5 ogres
  5 centaurs
  5 big kobolds
  A gnoll sergeant (D:11)
  A wyvern skeleton (D:10)
  3 giant frogs
  5 scorpions
  Dowan (D:7)
  2 oklob saplings (D:8)
  5 wights (D:11)
  7 crimson imps
  19 killer bees
  2 quasits
  2 jellies (D:8)
  2 giant frog skeletons
  Ijyb (D:3)
  2 centaur skeletons
  6 orc priests
  8 hounds
  10 orc wizards
  A statue (D:4)
  11 worker ants
  3 iguanas
  A killer bee zombie (D:6)
  A hound skeleton (D:10)
  2 worker ant zombies (D:11)
  9 adders
  7 river rats (Sewer)
  14 gnolls
  4 shadow imps
  An adder zombie (D:7)
  2 oozes
  3 adder skeletons
  2 worms (D:3)
  5 giant geckos
  38 orcs
  14 bats
  5 giant cockroaches
  39 goblins
  35 hobgoblins
  16 jackals
  5 quokkas
  8 ball pythons
  5 giant newts
  49 kobolds
  A quokka skeleton (D:8)
  33 rats
  2 starspawn tentacles (Abyss:1)
469 creatures vanquished.

Vanquished Creatures (others)
  A tentacled starspawn (Abyss:1)
  A kobold (D:4)
  5 starspawn tentacles (Abyss:1)
  203 starspawn tentacle segments (Abyss:1)
210 creatures vanquished.

Grand Total: 679 creatures vanquished

Notes
Turn   | Place    | Note
--------------------------------------------------------------
     0 | D:1      | Evol the Troll Chaos Knight began the quest for the Orb.
     0 | D:1      | Reached XP level 1. HP: 22/22 MP: 0/0
    24 | D:1      | XOM: harmless Chrm miscast
    37 | D:1      | XOM: harmless Summ miscast
    70 | D:1      | XOM: harmless Fire miscast
    96 | D:1      | XOM: divination: detect creatures
   115 | D:1      | Reached XP level 2. HP: 29/29 MP: 1/1
   515 | D:1      | Reached skill level 4 in Unarmed Combat
   670 | D:1      | Reached XP level 3. HP: 36/36 MP: 2/2
   912 | D:1      | XOM: colour smoke trail
  1110 | D:2      | Found a sacrificial altar of Ru.
  1179 | D:2      | Found a bloodstained altar of Trog.
  1234 | D:2      | Reached XP level 4. HP: 41/44 MP: 3/3
  1238 | D:2      | Reached skill level 5 in Unarmed Combat
  1292 | D:2      | Found a blossoming altar of Fedhas.
  1469 | D:2      | XOM: give mutations
  1469 | D:2      | Gained mutation: Your muscles are strong. (Str +2) [Xom's grace]
  1469 | D:2      | Gained mutation: You are partially covered in slimy green scales (AC +2). [Xom's grace]
  1469 | D:2      | Gained mutation: You are resistant to hostile enchantments. [Xom's grace]
  1469 | D:2      | Gained mutation: You can spit weak poison. [Xom's grace]
  1643 | D:2      | XOM: noise
  1794 | D:3      | Noticed Ijyb
  1803 | D:3      | XOM: potion effect (berserk rage)
  1806 | D:3      | Killed Ijyb
  1806 | D:3      | Reached XP level 5. HP: 50/50 MP: 4/4
  1808 | D:3      | Reached skill level 6 in Unarmed Combat
  2027 | D:3      | Found an ancient bone altar of Kikubaaqudgha.
  2215 | D:3      | XOM: god gift: 12 gold pieces
  2242 | D:4      | Reached XP level 6. HP: 59/59 MP: 5/5
  2325 | D:4      | Found a glowing drain.
  2386 | Sewer    | Entered a sewer
  2401 | Sewer    | Reached skill level 7 in Unarmed Combat
  2661 | Sewer    | XOM: scenery: 1 doors close
  2737 | Sewer    | XOM: fake destruction
  2848 | Sewer    | Reached skill level 8 in Unarmed Combat
  2848 | Sewer    | Reached XP level 7. HP: 64/66 MP: 6/6
  2940 | Sewer    | XOM: god gift: heavily runed lapis lazuli ring {god gift}
  2941 | Sewer    | Got a heavily runed lapis lazuli ring {god gift}
  2945 | Sewer    | Identified the ring "Febliokk" {rElec Str+2 Int+4 SInv} (Xom gifted it to you in a sewer)
  3074 | D:4      | Found a snail-covered altar of Cheibriados.
  3076 | D:4      | Noticed a black bear
  3078 | D:4      | Fell from the grace of Xom
  3078 | D:4      | Became a worshipper of Cheibriados the Contemplative
  3104 | D:4      | Killed a black bear
  3147 | D:4      | Found a radiant altar of Vehumet.
  3165 | D:4      | Noticed EvoLut's ghost (average NaTm)
  3184 | D:4      | Killed EvoLut's ghost
  3184 | D:4      | Reached skill level 9 in Unarmed Combat
  3395 | D:4      | Found a staircase to the Ecumenical Temple.
  3420 | D:5      | Entered Level 5 of the Dungeon
  3585 | D:5      | XOM: 5-stop teleportation journey
  3707 | D:5      | Reached XP level 8. HP: 74/74 MP: 7/7
  3739 | D:5      | Acquired Cheibriados's first power
  3943 | D:5      | Found a shimmering altar of Xom.
  4205 | D:5      | Reached skill level 10 in Unarmed Combat
  4304 | D:6      | XOM: mild Hex miscast
  4375 | D:6      | XOM: give mutation
  4375 | D:6      | Lost mutation: You are resistant to hostile enchantments. [Xom's mischief]
  4471 | D:6      | Found a deep blue altar of Sif Muna.
  4475 | D:6      | Found an opulent altar of Gozag.
  4478 | D:6      | Found a glowing silver altar of Zin.
  4779 | D:6      | XOM: medium Fire miscast
  4786 | D:6      | XOM: summons 8 hostile demons
  5034 | D:6      | XOM: mild Chrm miscast
  5110 | D:6      | Reached XP level 9. HP: 78/80 MP: 8/8
  5223 | D:7      | Reached skill level 5 in Dodging
  5231 | D:7      | Reached skill level 11 in Unarmed Combat
  5399 | D:7      | Noticed Joseph
  5410 | D:7      | Killed Joseph
  5410 | D:7      | Reached skill level 1 in Invocations
  5442 | D:7      | Noticed Dowan
  5447 | D:7      | Noticed Duvessa
  5448 | D:7      | Killed Dowan
  5448 | D:7      | Acquired Cheibriados's second power
  5454 | D:7      | Killed Duvessa
  5590 | D:7      | XOM: medium Summ miscast
  5591 | D:7      | Noticed a sixfirhy
  5651 | D:7      | Found a roughly hewn altar of Beogh.
  5787 | D:7      | Learned a level 3 spell: Ozocubu's Armour
  6387 | D:8      | Found a flagged portal.
  6402 | D:8      | Acquired Cheibriados's third power
  6410 | Bailey   | Entered a bailey
  6693 | Bailey   | Reached XP level 10. HP: 82/88 MP: 10/10
  6697 | Bailey   | Acquired Cheibriados's fourth power
  6702 | Bailey   | Reached skill level 12 in Unarmed Combat
  6821 | Bailey   | XOM: noise
  6868 | Bailey   | Noticed an orc warlord
  7089 | Bailey   | Killed an orc warlord
  7160 | Bailey   | Got a smoking steel ring
  7300 | D:8      | XOM: mild Ice miscast
  7416 | D:8      | Noticed Psyche
  7464 | D:8      | Killed Psyche
  7537 | D:8      | Noticed a manticore
  7543 | D:8      | XOM: mild Chrm miscast
  7544 | D:8      | Killed a manticore
  7576 | D:8      | Reached skill level 13 in Unarmed Combat
  7616 | D:8      | Found a basalt altar of Yredelemnul.
  7674 | D:8      | Reached XP level 11. HP: 94/94 MP: 13/13
  7676 | D:8      | XOM: mild Ice miscast
  7695 | D:8      | Found a blossoming altar of Fedhas.
  7705 | D:8      | XOM: fog
  7818 | D:9      | XOM: polymorph jackal -> bat
  7891 | D:9      | Identified the ring of Xog Coz {Str+6 Dex+4} (You took it off a goblin in a bailey)
  7900 | D:9      | Identified the Grimoire of Dislocation
  7939 | D:9      | Learned a level 2 spell: Blink
  7942 | D:9      | Learned a level 2 spell: Shroud of Golubria
  8005 | D:9      | XOM: mild Divn miscast
  8078 | D:9      | Found a shadowy altar of Dithmenos.
  8361 | D:9      | XOM: severe Pois miscast
  8623 | D:9      | Reached skill level 10 in Dodging
  8623 | D:9      | Reached skill level 14 in Unarmed Combat
  8623 | D:9      | Reached XP level 12. HP: 104/104 MP: 14/14
  8793 | D:10     | Entered Level 10 of the Dungeon
  8799 | D:10     | Reached skill level 1 in Shields
  8905 | D:10     | Noticed Gastronok
  8917 | D:10     | Killed Gastronok
  8983 | D:10     | Learned a level 2 spell: Stoneskin
  9134 | D:10     | XOM: mild Trmt miscast
  9150 | D:10     | Reached skill level 1 in Throwing
  9155 | D:10     | XOM: stat loss: -1 Dex (27/28)
  9176 | D:10     | Noticed Maurice
  9182 | D:10     | Killed Maurice
  9297 | D:10     | Found Neuprie's General Store.
  9320 | D:10     | XOM: summons 4 hostile shadow creatures
  9536 | D:11     | Found a staircase to the Lair.
  9549 | D:11     | Reached skill level 5 in Throwing
  9810 | D:11     | Got a thick robe
  9811 | D:11     | Identified the cursed +0 robe "Foyd" {rC- Int+3 Dex+7} (You found it on level 11 of the Dungeon)
  9812 | D:11     | Cast into the Abyss (Xom)
  9907 | Abyss:1  | Noticed a reaper
  9916 | Abyss:1  | HP: 5/104 [reaper/scythe of venom (46)]
 10110 | Abyss:1  | Noticed a starcursed mass
 10115 | Abyss:1  | Noticed a tentacled starspawn
 10116 | Abyss:1  | Killed a starcursed mass
 10116 | Abyss:1  | Reached skill level 1 in Transmutations
 10122 | Abyss:1  | Killed a starcursed mass
 10124 | Abyss:1  | Killed a starcursed mass
 10128 | Abyss:1  | Killed a tentacled starspawn
 10128 | Abyss:1  | Reached skill level 1 in Spellcasting
 10128 | Abyss:1  | Reached XP level 13. HP: 69/110 MP: 15/15
 10160 | Abyss:1  | XOM: mild Air miscast
 10193 | Abyss:1  | XOM: stat loss: -1 Str (47/48)
 10234 | Abyss:1  | XOM: mild Fire miscast
 10381 | Abyss:1  | Noticed a tentacled starspawn
 10385 | Abyss:1  | Noticed a revenant
 10389 | Abyss:1  | Noticed a tentacled starspawn
 10391 | Abyss:1  | Killed a tentacled starspawn
 10394 | Abyss:1  | Slain by a spectral eight-headed hydra

Vault maps used:
D:1:      nicolae_arrival_somewhat_less_tricky_arrival
D:2:      lemuel_doored_altar, lemuel_round_altar, lemuel_crystal_altar,
          first_bread, serial_park_tiny_pond, serial_bayou_pond_d,
          minmay_misc_feat_iff
D:3:      lemuel_crystal_altar, uniq_iyjb
D:4:      vehumet_statue, cheibriados_altar_1, lemuel_temple_firewalk_marked,
          lightli_sewer_entry_pipes
D:5:      lemuel_coloured_pillars_altar, serial_bayou_crossing
D:6:      grunt_temple_overflow_diamond
D:7:      david_defended_altar_orc, uniq_joseph, uniq_duvessa
D:8:      kennysheep_mini, enter_bailey_2, hangedman_tree_tricks, uniq_psyche
D:9:      kennysheep_mini_moat, serial_curves, eino_curves_01, eino_curves_02
D:10:     serial_shops, kennysheep_little_box, uniq_maurice, uniq_gastronok
D:11:     dpeg_lair_monsters
Sewer:    sewer_minmay_treatment
Bailey:   bailey_axe_minmay_hex_keep, bailey

Action                   |  1- 3 |  4- 6 |  7- 9 | 10-12 | 13-15 || total
-------------------------+-------+-------+-------+-------+-------++-------
Melee: Unarmed           |    86 |   273 |   378 |   437 |    21 ||  1195
Throw: Tomahawk          |       |       |       |     7 |       ||     7
 Cast: Ozocubu's Armour  |       |       |     1 |     4 |       ||     5
       Blink             |       |       |       |     1 |       ||     1
       Stoneskin         |       |       |       |     1 |       ||     1
       Shroud of Golubri |       |       |       |     1 |       ||     1
Invok: Step From Time    |       |       |       |     1 |       ||     1
 Abil: Spit Poison       |       |       |     1 |       |       ||     1
  Use: Scroll            |       |       |    12 |    20 |     1 ||    33
       Potion            |       |       |     1 |    12 |     1 ||    14
 Stab: Sleeping          |     2 |       |     1 |     3 |       ||     6
       Distracted        |       |       |       |     1 |       ||     1
  Eat: Chunk             |    14 |    19 |    27 |    21 |     3 ||    84
